AoeStats
← Dr Death Mic

Arena

510248022Analyzed
3v3 RM · 2d ago on Sep 30, 2026· 43m 48s· 6 players
Game mode
Random Map
Map size
Normal (6 player)
Population
200
Speed
Normal
Resources
Standard
Victory
Conquest
Starting age
Dark Age
Ending age
Imperial Age
RankedLock teamsTeams togetherTeam positionsShared explorationLock speedFull tech treeHidden civsTurbo modeCheats
Victory
Defeat
🇲🇽 Varangians · Mexico
1087
+12
🇭🇷 Britons · Croatia
1042
+14
🇲🇽 Persians · Mexico
951
+17
🇺🇸 Danes · United States
1014
-15
🇺🇸 Turks · United States
986
-14
🇺🇸 Franks · United States
979
-14
El viejo7335
8:00 Loom
10:58 Feudal Age
18:49 Castle Age
16:48 Horse Collar
17:39 Double-Bit Axe
17:54 Stone Mining
19:01 Gold Mining
19:50 Heavy Plow
21:31 Bow Saw
27:16 Elite Skirmisher
28:00 Pikeman
30:12 Gambesons
30:28 Squires
30:14 Arson
38:05 Gold Shaft Mining
37:45 Husbandry
37:56 Bloodlines
42:37 Imperial Age
41:44 Wheelbarrow
40:55 Town Watch
41:38 Ballistics
42:50 Forging
42:45 Scale Barding Armor
43:25 Stone Shaft Mining
43:09 Hand Cart
42:26 Heavy Camel Rider
43:47 Crop Rotation
45:18 Chemistry
44:15 Murder Holes
Filip_jede_Meso
10:10 Feudal Age
8:53 Loom
10:38 Feudal Age
14:35 Castle Age
14:33 Double-Bit Axe
14:29 Horse Collar
19:25 Fervor
19:03 Loom
18:43 Crossbowman
20:22 Fletching
23:09 Padded Archer Armor
24:35 Bodkin Arrow
25:26 Leather Archer Armor
26:29 Wheelbarrow
26:10 Stone Mining
27:43 Leather Archer Armor
28:41 Hand Cart
28:12 Town Watch
30:48 Ballistics
35:00 Imperial Age
32:29 Guard Tower
33:18 Fortified Wall
33:21 Masonry
33:29 Man-at-Arms
34:10 Squires
33:55 Gambesons
34:12 Scale Mail Armor
34:23 Forging
34:31 Murder Holes
35:08 Yeomen
35:46 Bracer
36:17 Ring Archer Armor
37:07 Chemistry
37:52 Conscription
38:36 Keep
37:26 Long Swordsman
39:22 Architecture
38:52 Arbalester
39:28 Two-Handed Swordsman
41:10 Champion
42:07 Chain Mail Armor
42:27 Iron Casting
42:10 Arrowslits
44:05 Architecture
43:41 Siege Engineers
43:53 Warwolf
Dr Death Mic
0:28 Loom
7:08 Loom
10:16 Feudal Age
10:42 Double-Bit Axe
10:40 Horse Collar
18:22 Castle Age
16:39 Gold Mining
18:05 Stone Mining
18:53 Wheelbarrow
18:04 Town Watch
19:31 Heavy Plow
20:16 Stone Shaft Mining
22:14 Bow Saw
29:58 Imperial Age
27:49 Hand Cart
27:53 Scale Barding Armor
28:06 Forging
30:02 Chain Barding Armor
30:18 Iron Casting
30:23 Husbandry
30:34 Bloodlines
31:20 Plate Barding Armor
33:08 Blast Furnace
32:46 Crop Rotation
33:34 Two-Man Saw
32:43 Elite Jarl
35:09 Conscription
34:59 Town Patrol
35:43 Fletching
35:54 Padded Archer Armor
39:31 Bodkin Arrow
39:52 Leather Archer Armor
39:06 Vendel Legacy
X SaLtEdDiZzY X
11:07 Feudal Age
10:03 Loom
15:26 Castle Age
13:52 Double-Bit Axe
15:26 Wheelbarrow
16:12 Stone Mining
16:04 Horse Collar
21:20 Arson
22:28 Squires
23:33 Fervor
23:59 Gold Mining
26:11 Fletching
27:27 Scale Mail Armor
28:00 Forging
27:51 Scale Mail Armor
31:40 Scale Barding Armor
34:50 Imperial Age
31:53 Light Cavalry
33:28 Gold Shaft Mining
33:03 Husbandry
33:45 Bloodlines
33:38 Hamask
34:30 Scale Barding Armor
35:00 Iron Casting
34:52 Hand Cart
34:36 Town Watch
35:40 Bow Saw
35:33 Heavy Plow
36:25 Conscription
36:10 Elite Jomsviking
39:38 Chain Barding Armor
41:04 Blast Furnace
40:23 Chain Mail Armor
X SaLtEdNuTs X
12:35 Feudal Age
16:37 Castle Age
14:49 Double-Bit Axe
20:45 Imperial Age
19:58 Horse Collar
22:23 Ballistics
26:18 Bow Saw
33:59 Thumb Ring
38:52 Fletching
39:05 Padded Archer Armor
39:57 Gold Mining
X SaLtEdTlTs X
12:39 Feudal Age
18:11 Castle Age
16:10 Double-Bit Axe
17:07 Gold Mining
23:12 Bow Saw
26:38 Gold Shaft Mining
30:05 Husbandry
37:49 Imperial Age
39:08 Wheelbarrow
38:19 Loom
38:25 Loom
38:33 Cavalier
40:18 Scale Barding Armor
40:23 Forging
42:27 Paladin
Connection lost

Rejoining the realm…

Still unreachable

The connection could not be restored.

Session expired

The server has moved on; the page needs a fresh start.